 Dungeon Crawl Stone Soup version 0.19.5 (webtiles) character file.

190 JeffiDaFish the Shield-Bearer (level 5, -2/33 HPs)
             Began as a Gargoyle Fighter on Sept 4, 2017.
             Killed from afar by an orc wizard (5 damage)
             ... with a magic dart
             ... on level 4 of the Dungeon.
             The game lasted 00:06:19 (2134 turns).

JeffiDaFish the Shield-Bearer (Gargoyle Fighter)    Turns: 2134, Time: 00:06:21

Health: -2/33      AC: 15    Str: 24    XL:     5   Next: 69%
Magic:  5/5        EV:  5    Int:  9    God:
Gold:   158        SH:  9    Dex: 10    Spells: 0 memorised, 4 levels left

rFire  . . .     SeeInvis .     a - +1 flail
rCold  . . .     Gourm    .     g - +0 chain mail
rNeg   + . .     Faith    .     c - +0 shield
rPois  ∞         Spirit   .     (no helmet)
rElec  +         Reflect  .     (no cloak)
rCorr  .         Harm     .     e - +1 pair of gloves
MR     .....                    (no boots)
Stlth  ..........               (no amulet)
                                (no ring)
                                (no ring)

@: mighty, slowed, heavily drained, very slow
A: negative energy resistance 1, electricity resistance, unbreathing,
petrification resistance, rot immunity, AC +4
a: no special abilities


You were on level 4 of the Dungeon.
You were hungry.

You visited 1 branch of the dungeon, and saw 4 of its levels.

You collected 158 gold pieces.

Inventory:

Hand Weapons
 a - a +1 flail (weapon)
Armour
 c - a +0 shield (worn)
 e - a +1 pair of gloves (worn)
 g - a +0 chain mail (worn)
Scrolls
 h - 5 scrolls of identify
 l - a scroll of teleportation
Potions
 j - a potion of cancellation
 n - a potion of resistance
Comestibles
 f - 3 bread rations
 i - a meat ration
 k - a slice of pizza


   Skills:
 + Level 4.2(2.7) Fighting
 + Level 3.6(2.1) Maces & Flails
 + Level 3.9(2.4) Armour
 + Level 0.2(0.0) Dodging
 + Level 4.5(3.0) Shields


You had 4 spell levels left.
You didn't know any spells.

Dungeon Overview and Level Annotations

Branches:
Dungeon (4/15)
 Temple: D:4-7

Altars:
Kikubaaqudgha
Makhleb
Qazlal
Vehumet
Xom


Innate Abilities, Weirdness & Mutations

You are resistant to torment.
Your stone body is resilient. (AC +4)
You are immune to poison.
You resist negative energy. (rN+)
You are resistant to electric shocks. (rElec)
You can survive without breathing.
You are immune to petrification.
You are immune to rotting.


Message History

The orc wizard is no longer moving quickly.
The orc wizard casts a spell at you. The magic dart hits you!
* * * LOW HITPOINT WARNING * * *
The orc wizard hits you but does no damage.
The orc hits you.
* * * LOW HITPOINT WARNING * * *
The orc wizard casts a spell at you. The magic dart hits you!
* * * LOW HITPOINT WARNING * * *
The orc hits you but does no damage.
You feel very mighty all of a sudden.
The orc wizard hits you but does no damage.
You block the orc's attack. You block the orc wizard's attack.
You miss the orc wizard.
The orc wizard is severely wounded.
The orc hits you but does no damage.
The orc wizard points at you and mumbles some strange words.
The magic dart hits you!
You die...

#.........#.#
#.......#....
#.......#....
#####........
#........
#..####..
####.[# #
.##'###.>...##
......[@o....#
..>...))o....#
...............#
..............##
......#......##
......#......#
......#......#
.....##......#


You could see an orc wizard and an orc.

Vanquished Creatures
  A worker ant (D:4)
  Ijyb (D:3)
  5 adders
  2 oozes
  A worm (D:2)
  A dart slug (D:1)
  A leopard gecko (D:1)
  6 orcs
  5 giant cockroaches
  11 goblins
  8 hobgoblins
  A quokka (D:3)
  7 bats
  6 frilled lizards
  11 kobolds
  10 rats
77 creatures vanquished.

Notes
Turn   | Place    | Note
-------+----------+-------------------------------------------
     0 | D:1      | JeffiDaFish the Gargoyle Fighter began the quest for the Orb.
     0 | D:1      | Reached XP level 1. HP: 14/14 MP: 1/1
   249 | D:1      | Reached XP level 2. HP: 16/19 MP: 2/2
   426 | D:1      | Reached XP level 3. HP: 17/23 MP: 3/3
   909 | D:2      | Reached XP level 4. HP: 27/29 MP: 4/4
   950 | D:2      | Found a radiant altar of Vehumet.
  1138 | D:2      | Found a shimmering altar of Xom.
  1138 | D:2      | Found a burning altar of Makhleb.
  1628 | D:3      | Reached XP level 5. HP: 28/33 MP: 5/5
  1642 | D:3      | Noticed a fire elemental
  1644 | D:3      | Found a stormy altar of Qazlal.
  1648 | D:3      | Noticed a water elemental
  1652 | D:3      | Noticed an air elemental
  1739 | D:3      | Found an ancient bone altar of Kikubaaqudgha.
  1743 | D:3      | Noticed Ijyb
  1751 | D:3      | Killed Ijyb
  2134 | D:4      | Killed from afar by an orc wizard

Skill      XL: |  1  2  3  4 |
---------------+-------------+-----
Shields        | 4 |  4.5
Maces & Flails | 3 |  3.6
Fighting       | 4 |  4.2
Armour         | |  3.9
Dodging        | |  0.2

Action                   |  1- 3 |  4- 6 || total
-------------------------+-------+-------++-------
Melee: Flail             |   103 |   183 ||   286
  Use: Scroll            |     3 |     5 ||     8
       Potion            |     1 |     7 ||     8
  Eat: Chunk             |       |     4 ||     4
Armor: Chain mail        |    81 |   197 ||   278
Dodge: Dodged            |    20 |    58 ||    78
Block: Shield            |    57 |   130 ||   187
